 Dungeon Crawl Stone Soup version 0.28.0-45-g0d030f2227 (webtiles) character file.

Game seed: 6564551599506165655

184 psko the Conjurer (level 5, -5/25 HPs)
             Began as a Spriggan Conjurer on Apr 19, 2022.
             Slain by an iguana (13 damage)
             ... on level 3 of the Dungeon.
             The game lasted 00:14:55 (4285 turns).

psko the Conjurer (Spriggan Conjurer)               Turns: 4285, Time: 00:14:57

Health: -5/25      AC:  3    Str:  5    XL:     5   Next: 36%
Magic:  8/12       EV: 17    Int: 19    God:
Gold:   91         SH:  0    Dex: 14    Spells: 11/12 levels left

rFire   + . .      SeeInvis +   m - staff of fire
rCold   . . .      Faith    .   (shield currently unavailable)
rNeg    . . .      Spirit   .   a - +0 robe
rPois   .          Reflect  .   (helmet restricted)
rElec   .          Harm     .   j - +0 cloak
rCorr   .          Rampage  .   (gloves unavailable)
Will    .....                   (boots unavailable)
Stlth   ++........              (no amulet)
HPRegen 0.08/turn               (no ring)
MPRegen 0.13/turn               (no ring)

@: very quick
A: very small, no large weapons, unfitting armour, see invisible, speed 3
a: no special abilities


You were on level 3 of the Dungeon.
You visited 1 branch of the dungeon, and saw 4 of its levels.

You collected 91 gold pieces.

Inventory:

Hand Weapons
 g - a +0 club
 h - a +0 short sword
 l - a +2 dagger of flaming
Armour
 a - a +0 robe (worn)
 j - a +0 cloak (worn)
Magical Staves
 m - a staff of fire (weapon)
Wands
 t - a wand of iceblast (9)
Scrolls
 b - a scroll of enchant armour {unknown}
 c - a scroll of summoning {unknown}
 d - 2 scrolls of teleportation {unknown}
 f - a scroll of acquirement {unknown}
 i - 2 scrolls of amnesia {unknown}
 k - a scroll of silence {unknown}
 r - a scroll of fear {unknown}
 s - 2 scrolls of identify {unknown}
 v - a scroll of magic mapping {unknown}
Potions
 e - 2 potions of curing {unknown}
 n - 2 potions of ambrosia {unknown}
 o - a potion of heal wounds {unknown}
 p - a potion of flight {unknown}
 q - a potion of lignification {unknown}
 u - a potion of cancellation {unknown}


   Skills:
 + Level 0.3 Fighting
 + Level 0.1 Short Blades
 + Level 0.2 Staves
 + Level 3.3 Dodging
 + Level 3.4 Stealth
 + Level 4.2 Spellcasting
 + Level 4.2 Conjurations


You had 11 spell levels left.
You knew the following spells:

 Your Spells              Type           Power      Damage    Failure   Level
a - Magic Dart            Conj           80%        1d7       2%          1

Your spell library contained the following spells:

 Spells                   Type           Power      Damage    Failure   Level
 Searing Ray              Conj           40%        2d5       3%          2
 Dazzling Flash           Conj/Hex       24%        N/A       17%         3
 Fulminant Prism          Conj/Hex       6%         3d7       50%         4
 Iskenderun's Mystic Bla  Conj/Tloc      12%        2d5       50%         4


Dungeon Overview and Level Annotations

Branches:
Dungeon (4/15)
 Temple: D:4-7

Altars:

Shops:
D:1 (


Innate Abilities, Weirdness & Mutations

You are very small and have problems with some larger weapons.
You are too small for most types of armour.
You have supernaturally acute eyesight. (SInv)
You cover ground extremely quickly. (Speed+++)


Message History

Casting: Magic Dart (safe; 2% risk of failure)
Confirm with . or Enter, or press ? or * to list all spells.
Aiming: Magic Dart (safe; 2% risk of failure)
Press: ? - help, Shift-Dir - straight line, f - hobgoblin
Aim: a hobgoblin (100% to hit)
The magic dart hits the hobgoblin.
You kill the hobgoblin!
The iguana bites you!
Casting: Magic Dart (safe; 2% risk of failure)
Confirm with . or Enter, or press ? or * to list all spells.
Aiming: Magic Dart (safe; 2% risk of failure)
Press: ? - help, Shift-Dir - straight line, f - iguana
Aim: an iguana (lightly wounded, 100% to hit)
Okay, then.
Casting: Magic Dart (safe; 2% risk of failure)
Confirm with . or Enter, or press ? or * to list all spells.
Aiming: Magic Dart (safe; 2% risk of failure)
Press: ? - help, Shift-Dir - straight line, f - iguana
Aim: an iguana (lightly wounded, 100% to hit)
The magic dart hits the iguana but does no damage.
The iguana is lightly wounded.
The iguana completely misses you.
Casting: Magic Dart (safe; 2% risk of failure)
Confirm with . or Enter, or press ? or * to list all spells.
Aiming: Magic Dart (safe; 2% risk of failure)
Press: ? - help, Shift-Dir - straight line, f/p - iguana
Aim: an iguana (lightly wounded, 100% to hit)
The magic dart hits the iguana.
The iguana is moderately wounded.
The iguana bites you.
Casting: Magic Dart (safe; 2% risk of failure)
Confirm with . or Enter, or press ? or * to list all spells.
Aiming: Magic Dart (safe; 2% risk of failure)
Press: ? - help, Shift-Dir - straight line, f/p - iguana
Aim: an iguana (moderately wounded, 100% to hit)
The magic dart hits the iguana.
The iguana is heavily wounded.
The iguana bites you!
Ouch! That really hurt!
You die...

####.#.....##.#####
.....#.....##.#..<#
####.#.....##.#.#### .#
#.#.....##.#....# .#
#.###.####.####.# .# #.# #.####.#
#.# .###.# #....#.# #.#
...#.######.#.####.#
...............†@#.#
#..#..#####.#.##l#.# #..#..#
#.#.##.#.# #..#..# #.#.##.#.#
#..#..# #.#....#.#
#..#..#####.####.#.#############
##..........# ###.............#
##.#..#####(##################.##
##..............................#


You could see an iguana.

Vanquished Creatures
  A hound (D:3)
  A centaur skeleton (D:2)
  4 adders
  An adder skeleton (D:2)
  2 worms
  A dart slug (D:3)
  2 orcs (D:3)
  6 endoplasms
  4 giant cockroaches
  9 goblins
  10 hobgoblins
  2 jackals (D:2)
  4 quokkas
  6 ball pythons
  6 bats
  3 frilled lizards
  2 kobolds
  11 rats
  A spectral goblin (D:2)
76 creatures vanquished.

Notes
Turn   | Place    | Note
-------+----------+-------------------------------------------
     0 | D:1      | psko the Spriggan Conjurer began the quest for the Orb.
     0 | D:1      | Reached XP level 1. HP: 9/9 MP: 5/5
   284 | D:1      | Found Siong's Weapon Shoppe.
   461 | D:1      | Reached XP level 2. HP: 13/13 MP: 0/7
  1323 | D:2      | Found a faded altar of an unknown god.
  1398 | D:2      | Reached XP level 3. HP: 16/16 MP: 2/8
  2295 | D:2      | Reached XP level 4. HP: 21/21 MP: 7/10
  3775 | D:3      | Reached XP level 5. HP: 25/25 MP: 7/12
  4197 | D:4      | Noticed an ogre
  4285 | D:3      | Slain by an iguana

Illustrated notes

Levels and vault maps discovered:
D:1:      co_arrival_random_square_maze, layout_loops_ring, serial_shops, shop
D:2:      minmay_spotlight, layout_basic,
          dreamdust_ecumenical_altar_drowned_temple
D:3:      layout_basic, hangedman_abyss_or_decor_lesser_grid,
          grunt_decor_one_mirror
D:4:      layout_basic

Skill      XL: |  1  2  3  4 |
---------------+-------------+-----
Conjurations   | 3 4 |  4.2
Spellcasting   | 3 4 |  4.2
Dodging        | 3 |  3.3
Fighting       | |  0.3
Short Blades   | |  0.1
Staves         | |  0.2
Stealth        | |  3.4

Action                   |  1- 3 |  4- 6 || total
-------------------------+-------+-------++-------
Melee: Short sword       |     4 |       ||     4
       Staff             |    43 |     9 ||    52
 Cast: Magic Dart        |    89 |    81 ||   170
Armor: Robe              |     6 |     9 ||    15
Dodge: Dodged            |    40 |    36 ||    76
